AoeStats
← en Au

Hideout

509652377Analyzed
1v1 RM · 3d ago on Sep 27, 2026· 61m 8s· 2 players
Game mode
Random Map
Map size
Tiny (2 player)
Population
200
Speed
Normal
Resources
Standard
Victory
Conquest
Starting age
Dark Age
Ending age
Imperial Age
RankedLock teamsTeams togetherTeam positionsShared explorationLock speedFull tech treeHidden civsTurbo modeCheats
Victory
Defeat
🇫🇷 Huns · France
898
+15
🇩🇪 Burmese · Germany
873
-15
Solomo
3:23 Loom
10:51 Feudal Age
15:16 Castle Age
13:45 Stone Mining
13:59 Horse Collar
21:19 Wheelbarrow
21:44 Padded Archer Armor
22:42 Hand Cart
22:41 Husbandry
23:21 Bloodlines
39:44 Imperial Age
38:36 Gold Mining
40:59 Heavy Plow
41:06 Scale Barding Armor
40:53 Fletching
41:14 Forging
41:04 Scale Mail Armor
40:28 Elite Skirmisher
41:06 Treadmill Crane
41:43 Cavalier
43:15 Manipur Cavalry
43:38 Conscription
43:18 Town Watch
44:50 Ballistics
45:31 Chemistry
44:26 Murder Holes
44:37 Siege Engineers
44:48 Masonry
45:19 Chain Barding Armor
46:12 Iron Casting
45:37 Bodkin Arrow
46:05 Chain Mail Armor
45:57 Squires
45:43 Arson
45:46 Gambesons
46:23 Pikeman
48:06 Plate Barding Armor
48:36 Blast Furnace
47:52 Chain Mail Armor
47:08 Halberdier
51:17 Bodkin Arrow
51:53 Plate Mail Armor
en Au
11:02 Feudal Age
12:14 Horse Collar
13:32 Double-Bit Axe
17:13 Forging
19:19 Castle Age
18:51 Gold Mining
19:12 Town Watch
19:13 Loom
20:08 Wheelbarrow
19:56 Light Cavalry
20:47 Bloodlines
20:37 Husbandry
22:12 Fervor
22:23 Sanctity
22:50 Bow Saw
22:55 Heavy Plow
27:49 Stone Mining
30:02 Thumb Ring
33:59 Imperial Age
33:46 Fletching
33:56 Padded Archer Armor
34:41 Hand Cart
35:31 Heavy Cavalry Archer
36:36 Parthian Tactics
36:57 Ballistics
37:35 Conscription
37:29 Husbandry
38:10 Bodkin Arrow
38:51 Iron Casting
39:10 Bracer
41:10 Atheism
42:07 Chemistry
41:20 Masonry
41:48 Hussar
42:55 Leather Archer Armor
42:46 Scale Barding Armor
55:28 Elite Skirmisher
57:20 Blast Furnace
56:40 Chain Barding Armor
55:53 Elite Tarkan
56:00 Elite Tarkan
57:00 Man-at-Arms
57:41 Squires
57:26 Arson
59:48 Capped Ram
61:47 Plate Barding Armor
61:12 Scale Mail Armor
60:36 Long Swordsman
Connection lost

Rejoining the realm…

Still unreachable

The connection could not be restored.

Session expired

The server has moved on; the page needs a fresh start.